Canucks vs Avalanche

Created - Wednesday, February 10, 2016 at 02:28

Goals
1 2 3 T
Canucks 1 2 3 6
Avalanche 0 0 1 1
Shots
1 2 3 T
Canucks 13 10 7 30
Avalanche 7 7 6 20

1st period

1. Canucks , Antoine Roussel 5 (Peter Holland, Adam Pardy) at 1:46

Penalties :
No Penalty

2nd period

2. Canucks , Justin Braun 3 (Christopher Tanev, Nazem Kadri) at 1:36 (PP)
3. Canucks , Nazem Kadri 22 (Justin Braun) at 10:36

Penalties :
Lee Stempniak (Col) for Hooking (Minor) at 0:24, Zack Smith (Col) for Tripping (Minor) at 0:35, Antoine Roussel (Van) for Slashing (Minor) at 3:26, Nazem Kadri (Van) for Hooking (Minor) at 14:08, Justin Braun (Van) for Boarding (Minor) at 18:14

3rd period

4. Avalanche , Zach Redmond 1 (Andrej Nestrasil, Lee Stempniak) at 8:39 (PP)
5. Canucks , Joel Ward 8 (Peter Holland) at 10:00
6. Canucks , Craig Smith 12 (Clarke MacArthur, Nazem Kadri) at 13:33 (PP)
7. Canucks , Alexander Edler 6 (Jack Johnson) at 14:06 (SH)

Penalties :
Matthew Corrente (Col) for Interference (Minor) at 1:53, Zach Redmond (Col) for Roughing (Minor) at 5:15, Jay Beagle (Van) for Hooking (Minor) at 8:33, Mats Zuccarello (Van) for Roughing (Minor) at 10:41, Zach Redmond (Col) for Hooking (Minor) at 13:21, Derick Brassard (Van) for Holding (Minor) at 13:57, Justin Braun (Van) for Hooking (Minor) at 17:31

Goalie Stats

Ben Bishop (Van), 19 saves from 20 shots - (0.950), W, 26-18-6, 60:00 minutes
Jack Campbell (Col), 24 saves from 30 shots - (0.800), L, 4-6-0, 60:00 minutes

Players Stats for Canucks

Player Name              G  A  P  +/- PIM S  H  SB GA TA FO     MP     PP MP  PK MP  
------------------------------------------------------------------------------------
Adam Pardy               0  1  1   1  0   1  2  0  0  0  0/0    12:04   0:53   0:00 
Alexander Edler          1  0  1   1  0   3  0  2  0  1  0/0    27:00   3:00   6:48 
Antoine Roussel          1  0  1   3  2   3  3  0  2  0  0/0    17:22   0:00   7:23 
Brendan Gallagher        0  0  0   0  0   1  0  0  4  1  0/0    14:09   3:01   0:00 
Christopher Tanev        0  1  1   1  0   0  2  1  0  1  0/0    20:21   3:20   5:12 
Clarke MacArthur         0  1  1   0  0   1  2  0  0  1  1/5    15:55   3:19   1:48 
Craig Smith              1  0  1   1  0   1  0  0  2  0  0/0    14:27   3:19   0:00 
Derick Brassard          0  0  0   0  2   2  0  0  2  0  9/15   15:42   3:01   0:31 
Jack Johnson             0  1  1   1  0   4  5  4  0  1  0/0    27:00   3:00   6:48 
Jannik Hansen            0  0  0   0  0   1  0  0  3  0  0/0     6:41   0:00   0:00 
Jay Beagle               0  0  0   1  2   0  0  0  0  0  8/15   17:02   0:00   8:45 
Joakim Andersson         0  0  0   0  0   1  2  0  0  0  0/2    11:13   0:00   2:18 
Joel Ward                1  0  1   2  0   2  1  0  3  0  0/0    12:52   0:00   2:18 
Justin Braun             1  1  2   2  4   1  2  2  0  1  0/0    17:26   2:27   0:00 
Mats Zuccarello          0  0  0   1  2   1  1  0  1  0  0/0    15:35   3:01   0:00 
Nazem Kadri              1  2  3   1  2   4  2  0  1  1  6/13   15:02   3:19   0:00 
Peter Holland            0  2  2   2  0   2  2  0  0  1  4/8     9:49   0:00   0:57 
Willie Mitchell          0  0  0   2  0   2  2  1  0  0  0/0    18:13   0:00   5:12 

Players Stats for Avalanche

Player Name              G  A  P  +/- PIM S  H  SB GA TA FO     MP     PP MP  PK MP  
------------------------------------------------------------------------------------
Andrej Nestrasil         0  1  1  -2  0   2  1  0  3  1  12/18  19:48   6:12   0:00 
Brad Richards            0  0  0   0  0   0  0  0  0  0  0/0     0:00   0:00   0:00 
Colton Sceviour          0  0  0  -1  0   2  2  0  3  1  1/1    21:44   6:12   1:01 
Daniel Winnik            0  0  0  -1  0   2  3  1  1  1  0/1    21:57   5:48   3:17 
David Pastrnak           0  0  0  -2  0   1  0  0  0  0  0/0    14:17   0:00   0:00 
David Rundblad           0  0  0  -1  0   0  0  1  1  1  0/0    12:43   0:00   0:00 
Jason Zucker             0  0  0   0  0   0  0  1  1  0  2/2     3:03   0:00   3:00 
Jonas Brodin             0  0  0  -2  0   1  0  2  0  1  0/0    26:51   6:24   4:42 
Lee Stempniak            0  1  1   0  2   2  0  0  0  1  0/0    14:10   0:27   0:00 
Marcus Johansson         0  0  0  -2  0   2  1  1  0  1  2/13   14:17   0:00   0:00 
Mark Scheifele           0  0  0   0  0   0  2  0  1  0  0/0     6:07   5:48   0:00 
Matt Dumba               0  0  0  -1  0   1  1  0  0  0  0/0    20:26   5:36   1:38 
Matt Moulson             0  0  0  -1  0   2  0  0  1  0  0/0    12:20   0:00   0:00 
Matthew Corrente         0  0  0  -1  2   0  0  0  0  0  0/0    13:22   0:00   0:40 
Nate Prosser             0  0  0  -2  0   1  1  0  0  1  0/0    26:51   6:24   4:42 
Ryan O'Reilly            0  0  0  -2  0   2  1  2  2  1  3/4    21:36   5:27   2:02 
Zach Redmond             1  0  1  -1  4   1  2  0  0  0  0/0    19:54   5:36   0:58 
Zack Smith               0  0  0  -1  2   1  4  0  3  2  10/19  23:08   6:06   2:18 

3 Stars

1 - Nazem Kadri (Van)
2 - Peter Holland (Van)
3 - Antoine Roussel (Van)

Power Play

Canucks - 2 on 5 Attempt(s) - 40.00%
Avalanche - 1 on 7 Attempt(s) - 14.29%

Penalty Kill

Canucks - 6 on 7 Attempt(s) - 85.71% - Score 1 goal in Penalty Kill
Avalanche - 3 on 5 Attempt(s) - 60.00% - Score 0 goal in Penalty Kill

Team Stat

Canucks - Hits : 26 - Faceoff Wins : 28 - Blocked Shots : 10 - Penalty Minutes : 14
Avalanche - Hits : 18 - Faceoff Wins : 30 - Blocked Shots : 8 - Penalty Minutes : 10

Official

Referees : Unknown
Linesman : Unknown

Game Notes

1:46 of 1st period - Canucks goal is going for a video replay. After video review, Goal.

Finance

Level 1 -- Attendance: 5169 (86.15%) -- Ticket Income $429,027
Level 2 -- Attendance: 4464 (89.28%) -- Ticket Income $241,056
Level 3 -- Attendance: 1850 (92.50%) -- Ticket Income $53,650
Level 4 -- Attendance: 3964 (99.10%) -- Ticket Income $67,388
Luxury Box -- Attendance: 965 (96.50%) -- Ticket Income $154,400
Game was played at the Pepsi Center.
Total Attendance: 16412 (91.18%)
Total Ticket Income: $945,521
Other Income: $463,305
Total Income: $1,408,826

Canucks

5 vs 5 Forward 
   Center                   Left Wing                Right Wing               Time % Phy DF OF 
 1 Derick Brassard          Clarke MacArthur         Brendan Gallagher        35     1   1  3  
 2 Nazem Kadri              Mats Zuccarello          Craig Smith              30     1   2  2  
 3 Peter Holland            Antoine Roussel          Joel Ward                22     1   3  1  
 4 Jay Beagle               Joakim Andersson         Jannik Hansen            13     2   2  1  

5 vs 5 Defense 
   Defense                  Defense                                           Time % Phy DF OF 
 1 Jack Johnson             Alexander Edler                                   35     1   3  1  
 2 Willie Mitchell          Justin Braun                                      30     1   3  1  
 3 Adam Pardy               Christopher Tanev                                 25     1   3  1  
 4 Jack Johnson             Alexander Edler                                   10     1   3  1  

PowerPlay Forward 
   Center                   Left Wing                Right Wing               Time % Phy DF OF 
 1 Derick Brassard          Mats Zuccarello          Brendan Gallagher        60     1   1  3  
 2 Nazem Kadri              Clarke MacArthur         Craig Smith              40     1   1  3  

PowerPlay Defense
   Defense                  Defense                                           Time % Phy DF OF 
 1 Jack Johnson             Alexander Edler                                   55     1   2  2  
 2 Christopher Tanev        Justin Braun                                      45     1   2  2  

Penalty Kill 4 Players Forward 
   Center                   Wing                     Time % Phy DF OF 
 1 Jay Beagle               Antoine Roussel          60     1   3  1  
 2 Joakim Andersson         Joel Ward                40     1   3  1  

Penalty Kill 4 Players Defense
   Defense                  Defense                  Time % Phy DF OF 
 1 Jack Johnson             Alexander Edler          60     1   3  1  
 2 Willie Mitchell          Christopher Tanev        40     1   3  1  

Penalty Kill - 3 Players Forward 
   Forward                                           Time % Phy DF OF 
 1 Jay Beagle                                        60     1   4  0  
 2 Joakim Andersson                                  40     1   4  0  

Penalty Kill - 3 Players Defense
   Defense                  Defense                  Time % Phy DF OF 
 1 Jack Johnson             Alexander Edler          60     1   4  0  
 2 Willie Mitchell          Christopher Tanev        40     1   4  0  

4 vs 4 Forward 
   Center                   Wing                     Time % Phy DF OF 
 1 Derick Brassard          Brendan Gallagher        60     1   2  2  
 2 Nazem Kadri              Clarke MacArthur         40     1   2  2  

4 vs 4 Defense
   Defense                  Defense                  Time % Phy DF OF 
 1 Jack Johnson             Alexander Edler          60     1   2  2  
 2 Willie Mitchell          Justin Braun             40     1   2  2  

Last Minutes Offensive
   Center                   Left Wing                Right Wing               Defense                  Defense                  
   Derick Brassard          Clarke MacArthur         Brendan Gallagher        Jack Johnson             Alexander Edler          

Last Minutes Defensive
   Center                   Left Wing                Right Wing               Defense                  Defense                  
   Jay Beagle               Antoine Roussel          Joakim Andersson         Jack Johnson             Willie Mitchell          

Goaltenders
Starting : Ben Bishop               
Backup : Mike McKenna             

Extra Forwards
Normal : Brendan Gallagher, Mats Zuccarello, Antoine Roussel - PP : Joel Ward, Mats Zuccarello - PK : Antoine Roussel
Extra Defensemen
Normal : Adam Pardy, Christopher Tanev, Willie Mitchell - PP : Alexander Edler - PK : Christopher Tanev, Willie Mitchell
Penalty Shots
Mats Zuccarello, Derick Brassard, Nazem Kadri, Clarke MacArthur, Joel Ward

Avalanche

5 vs 5 Forward 
   Center                   Left Wing                Right Wing               Time % Phy DF OF 
 1 Zack Smith               Lee Stempniak            Colton Sceviour          25     5   0  0  
 2 Andrej Nestrasil         Matt Moulson             Daniel Winnik            25     5   0  0  
 3 Marcus Johansson         Ryan O'Reilly            David Pastrnak           25     5   0  0  
 4 Zack Smith               Lee Stempniak            Colton Sceviour          25     5   0  0  

5 vs 5 Defense 
   Defense                  Defense                                           Time % Phy DF OF 
 1 Jonas Brodin             Nate Prosser                                      25     4   1  0  
 2 Zach Redmond             Matt Dumba                                        25     4   1  0  
 3 David Rundblad           Matthew Corrente                                  25     4   1  0  
 4 Jonas Brodin             Nate Prosser                                      25     4   1  0  

PowerPlay Forward 
   Center                   Left Wing                Right Wing               Time % Phy DF OF 
 1 Andrej Nestrasil         Zack Smith               Colton Sceviour          60     4   1  0  
 2 Ryan O'Reilly            Daniel Winnik            Mark Scheifele           40     4   1  0  

PowerPlay Defense
   Defense                  Defense                                           Time % Phy DF OF 
 1 Jonas Brodin             Nate Prosser                                      60     4   1  0  
 2 Zach Redmond             Matt Dumba                                        40     4   1  0  

Penalty Kill 4 Players Forward 
   Center                   Wing                     Time % Phy DF OF 
 1 Zack Smith               Daniel Winnik            60     4   1  0  
 2 Daniel Winnik            Colton Sceviour          40     4   1  0  

Penalty Kill 4 Players Defense
   Defense                  Defense                  Time % Phy DF OF 
 1 Jonas Brodin             Nate Prosser             60     4   1  0  
 2 Zach Redmond             Matt Dumba               40     4   1  0  

Penalty Kill - 3 Players Forward 
   Forward                                           Time % Phy DF OF 
 1 Colton Sceviour                                   60     1   2  2  
 2 Daniel Winnik                                     40     1   2  2  

Penalty Kill - 3 Players Defense
   Defense                  Defense                  Time % Phy DF OF 
 1 Jonas Brodin             Nate Prosser             60     1   2  2  
 2 Zach Redmond             Matt Dumba               40     1   2  2  

4 vs 4 Forward 
   Center                   Wing                     Time % Phy DF OF 
 1 Andrej Nestrasil         Daniel Winnik            60     4   1  0  
 2 Colton Sceviour          Lee Stempniak            40     4   1  0  

4 vs 4 Defense
   Defense                  Defense                  Time % Phy DF OF 
 1 Jonas Brodin             Nate Prosser             60     4   1  0  
 2 Zach Redmond             Matt Dumba               40     4   1  0  

Last Minutes Offensive
   Center                   Left Wing                Right Wing               Defense                  Defense                  
   Ryan O'Reilly            Daniel Winnik            Brad Richards            Jonas Brodin             Nate Prosser             

Last Minutes Defensive
   Center                   Left Wing                Right Wing               Defense                  Defense                  
   Ryan O'Reilly            Daniel Winnik            Brad Richards            Jonas Brodin             Nate Prosser             

Goaltenders
Starting : Jack Campbell            
Backup : Eddie Lack               

Extra Forwards
Normal : Lee Stempniak, Colton Sceviour, Jason Zucker - PP : Lee Stempniak, Colton Sceviour - PK : Jason Zucker
Extra Defensemen
Normal : David Rundblad, Matthew Corrente, Zach Redmond - PP : David Rundblad - PK : Matthew Corrente, Zach Redmond
Penalty Shots
Ryan O'Reilly, Daniel Winnik, Marcus Johansson, Colton Sceviour, Matt Moulson

% Time on Ice - Canucks

Lines # - Real PCT - Wanted PCT - Time Play
Normal Forward
1 - 32% - 35% - 13:17
2 - 32% - 30% - 13:22
3 - 20% - 22% - 8:20
4 - 16% - 13% - 6:41
Normal Defense
1 - 36% - 35% - 15:07
2 - 32% - 30% - 13:17
3 - 27% - 25% - 11:11
4 - 5% - 10% - 2:05
PP Forward
1 - 48% - 60% - 3:01
2 - 52% - 40% - 3:19
PP Defense
1 - 47% - 55% - 3:00
2 - 53% - 45% - 3:20
PK Forward
1 - 81% - 60% - 9:42
2 - 19% - 40% - 2:18
PK Defense
1 - 57% - 60% - 6:48
2 - 43% - 40% - 5:12
PK3 Forward
1 - 0% - 60%
2 - 0% - 40%
PK3 Defense
1 - 0% - 60%
2 - 0% - 40%
44 Forward
1 - 0% - 60%
2 - 0% - 40%
44 Defense
1 - 0% - 60%
2 - 0% - 40%
Last Minute Offensive  - 0:00
Last Minute Defensive  - 0:00
Total
Forward - 60:00
Defense - 60:00

% Time on Ice - Avalanche

Lines # - Real PCT - Wanted PCT - Time Play
Normal Forward
1 - 18% - 25% - 7:33
2 - 30% - 25% - 12:39
3 - 34% - 25% - 14:17
4 - 17% - 25% - 7:11
Normal Defense
1 - 19% - 25% - 7:46
2 - 32% - 25% - 13:12
3 - 31% - 25% - 12:43
4 - 19% - 25% - 7:59
PP Forward
1 - 52% - 60% - 6:12
2 - 48% - 40% - 5:48
PP Defense
1 - 53% - 60% - 6:24
2 - 47% - 40% - 5:36
PK Forward
1 - 100% - 60% - 5:19
2 - 0% - 40% - 0:00
PK Defense
1 - 69% - 60% - 3:41
2 - 31% - 40% - 1:38
PK3 Forward
1 - 100% - 60% - 1:01
2 - 0% - 40% - 0:00
PK3 Defense
1 - 100% - 60% - 1:01
2 - 0% - 40% - 0:00
44 Forward
1 - 0% - 60%
2 - 0% - 40%
44 Defense
1 - 0% - 60%
2 - 0% - 40%
Last Minute Offensive  - 0:00
Last Minute Defensive  - 0:00
Total
Forward - 60:00
Defense - 60:00

Play by Play

1st period


0:01 of 1st period - Zack Smith wins face-off versus Derick Brassard in neutral zone.
0:13 of 1st period - Off-side.
0:14 of 1st period - Zack Smith wins face-off versus Derick Brassard in neutral zone.
0:17 of 1st period - Slapshot by Colton Sceviour.
0:17 of 1st period - Shot Misses the Net.
0:46 of 1st period - Slapshot by Jack Johnson.
0:46 of 1st period - Stopped by Jack Campbell without a rebound.
0:47 of 1st period - Andrej Nestrasil wins face-off versus Nazem Kadri in Avalanche zone.
1:06 of 1st period - Slapshot by Nazem Kadri.
1:06 of 1st period - Shot Misses the Net.
1:08 of 1st period - Snap shot by Willie Mitchell.
1:08 of 1st period - Shot Misses the Net.
1:10 of 1st period - Slapshot by Willie Mitchell.
1:10 of 1st period - Stopped by Jack Campbell without a rebound.
1:11 of 1st period - Peter Holland wins face-off versus Marcus Johansson in Avalanche zone.
1:34 of 1st period - Snap shot by Peter Holland.
1:34 of 1st period - Stopped by Jack Campbell with a rebound.
1:36 of 1st period - Snap shot by Antoine Roussel.
1:36 of 1st period - Stopped by Jack Campbell with a rebound.
1:38 of 1st period - Slapshot by Adam Pardy.
1:38 of 1st period - Stopped by Jack Campbell with a rebound.
1:44 of 1st period - Snap shot by Peter Holland.
1:44 of 1st period - Stopped by Jack Campbell with a rebound.
1:46 of 1st period - Snap shot by Antoine Roussel.
1:46 of 1st period - Canucks goal is going for a video replay.
1:46 of 1st period - The goal is good.
1:46 of 1st period - Goal by Antoine Roussel - Canucks : 1 - Avalanche : 0.
1:47 of 1st period - Jay Beagle wins face-off versus Zack Smith in neutral zone.
1:50 of 1st period - Jonas Brodin is hit by Jack Johnson.
2:42 of 1st period - Nate Prosser is hit by Mats Zuccarello and loses puck.
3:24 of 1st period - Wrist shot by Derick Brassard.
3:24 of 1st period - Stopped by Jack Campbell without a rebound.
3:25 of 1st period - Derick Brassard wins face-off versus Marcus Johansson in Avalanche zone.
3:34 of 1st period - Zach Redmond is hit by Clarke MacArthur and loses puck.
3:45 of 1st period - Snap shot by Marcus Johansson.
3:45 of 1st period - Stopped by Ben Bishop without a rebound.
3:46 of 1st period - Zack Smith wins face-off versus Peter Holland in Canucks zone.
3:49 of 1st period - Slapshot by Lee Stempniak.
3:49 of 1st period - Shot Blocked by Alexander Edler.
4:01 of 1st period - Wrist shot by Colton Sceviour.
4:01 of 1st period - Stopped by Ben Bishop with a rebound.
4:03 of 1st period - Snap shot by Lee Stempniak.
4:03 of 1st period - Stopped by Ben Bishop with a rebound.
4:05 of 1st period - Wrist shot by Colton Sceviour.
4:05 of 1st period - Deflect By Zack Smith.
4:05 of 1st period - Shot Blocked by Alexander Edler.
4:05 of 1st period - Puck is out of play.
4:06 of 1st period - Zack Smith wins face-off versus Peter Holland in Canucks zone.
4:19 of 1st period - Wrist shot by Zack Smith.
4:19 of 1st period - Stopped by Ben Bishop with a rebound.
4:21 of 1st period - Slapshot by David Rundblad.
4:21 of 1st period - Shot Blocked by Jack Johnson.
4:23 of 1st period - Slapshot by Lee Stempniak.
4:23 of 1st period - Shot Blocked by Jack Johnson.
4:25 of 1st period - Slapshot by Colton Sceviour.
4:25 of 1st period - Shot Blocked by Jack Johnson.
4:27 of 1st period - Slapshot by David Rundblad.
4:27 of 1st period - Deflect By Lee Stempniak.
4:27 of 1st period - Shot Misses the Net.
4:27 of 1st period - Puck is out of play.
4:28 of 1st period - Derick Brassard wins face-off versus Marcus Johansson in Canucks zone.
4:51 of 1st period - Wrist shot by Marcus Johansson.
4:51 of 1st period - Stopped by Ben Bishop with a rebound.
6:45 of 1st period - Nate Prosser is hit by Jack Johnson and loses puck.
7:17 of 1st period - Snap shot by Brendan Gallagher.
7:17 of 1st period - Deflect By Derick Brassard.
7:17 of 1st period - Shot Misses the Net.
7:17 of 1st period - Puck is out of play.
7:18 of 1st period - Derick Brassard wins face-off versus Zack Smith in Avalanche zone.
7:35 of 1st period - Backhand shot by Clarke MacArthur.
7:35 of 1st period - Shot Misses the Net.
8:27 of 1st period - Ryan O'Reilly is hit by Christopher Tanev and loses puck.
8:58 of 1st period - Wrist shot by Jack Johnson.
8:58 of 1st period - Deflect By Jannik Hansen.
8:58 of 1st period - Shot Misses the Net.
8:58 of 1st period - Puck is out of play.
8:59 of 1st period - Andrej Nestrasil wins face-off versus Jay Beagle in Avalanche zone.
9:50 of 1st period - Nate Prosser is hit by Justin Braun and loses puck.
10:05 of 1st period - Derick Brassard is hit by Nate Prosser and loses puck.
10:30 of 1st period - Slapshot by Jack Johnson.
10:30 of 1st period - Stopped by Jack Campbell with a rebound.
10:32 of 1st period - Slapshot by Jack Johnson.
10:32 of 1st period - Deflect By Zach Redmond.
10:32 of 1st period - Stopped by Jack Campbell with a rebound.
10:50 of 1st period - Zach Redmond is hit by Antoine Roussel and loses puck.
11:25 of 1st period - Backhand shot by Nazem Kadri.
11:25 of 1st period - Stopped by Jack Campbell with a rebound.
11:27 of 1st period - Wrist shot by Craig Smith.
11:27 of 1st period - Shot Misses the Net.
11:29 of 1st period - Wrist shot by Mats Zuccarello.
11:29 of 1st period - Deflect By Nazem Kadri.
11:29 of 1st period - Shot Blocked by Marcus Johansson.
11:29 of 1st period - Puck is out of play.
11:30 of 1st period - Jay Beagle wins face-off versus Marcus Johansson in Avalanche zone.
11:38 of 1st period - Off-side.
11:39 of 1st period - Jay Beagle wins face-off versus Andrej Nestrasil in neutral zone.
11:58 of 1st period - Snap shot by Andrej Nestrasil.
11:58 of 1st period - Shot Blocked by Justin Braun.
14:18 of 1st period - Snap shot by Antoine Roussel.
14:18 of 1st period - Stopped by Jack Campbell without a rebound.
14:19 of 1st period - Zack Smith wins face-off versus Peter Holland in Avalanche zone.
14:30 of 1st period - Snap shot by Colton Sceviour.
14:30 of 1st period - Shot Misses the Net.
14:39 of 1st period - Zack Smith is hit by Antoine Roussel and loses puck.
15:15 of 1st period - Wrist shot by Brendan Gallagher.
15:15 of 1st period - Shot Misses the Net.
15:35 of 1st period - David Rundblad is hit by Joakim Andersson and loses puck.
15:46 of 1st period - Wrist shot by Jannik Hansen.
15:46 of 1st period - Deflect By Jay Beagle.
15:46 of 1st period - Shot Misses the Net.
15:46 of 1st period - Puck is out of play.
15:47 of 1st period - Jay Beagle wins face-off versus Marcus Johansson in Avalanche zone.
15:48 of 1st period - Slapshot by Jannik Hansen.
15:48 of 1st period - Stopped by Jack Campbell without a rebound.
15:49 of 1st period - Ryan O'Reilly wins face-off versus Jay Beagle in Avalanche zone.
15:49 of 1st period - Ryan O'Reilly is hit by Adam Pardy.
16:19 of 1st period - Backhand shot by Matt Moulson.
16:19 of 1st period - Stopped by Ben Bishop with a rebound.
16:21 of 1st period - Wrist shot by Andrej Nestrasil.
16:21 of 1st period - Shot Blocked by Christopher Tanev.
16:46 of 1st period - Adam Pardy is hit by Colton Sceviour and loses puck.
16:59 of 1st period - Jonas Brodin is hit by Adam Pardy.
17:14 of 1st period - Christopher Tanev is hit by Marcus Johansson and loses puck.
17:31 of 1st period - Daniel Winnik is hit by Nazem Kadri.
17:56 of 1st period - Snap shot by Lee Stempniak.
17:56 of 1st period - Stopped by Ben Bishop without a rebound.
17:57 of 1st period - Derick Brassard wins face-off versus Zack Smith in Canucks zone.
19:43 of 1st period - Matt Dumba is hit by Willie Mitchell and loses puck.
19:56 of 1st period - Slapshot by Jack Johnson.
19:56 of 1st period - Shot Blocked by Ryan O'Reilly.
Goals for this period are 1 for Canucks vs 0 for Avalanche.
Shots for this period are 13 for Canucks vs 7 for Avalanche.

2nd period


0:01 of 2nd period - Zack Smith wins face-off versus Clarke MacArthur in neutral zone.
0:24 of 2nd period - Minor Penalty to Lee Stempniak for Hooking.
0:25 of 2nd period - Derick Brassard wins face-off versus Zack Smith in Avalanche zone.
0:35 of 2nd period - Minor Penalty to Zack Smith for Tripping.
0:36 of 2nd period - Colton Sceviour wins face-off versus Derick Brassard in Avalanche zone.
1:26 of 2nd period - Snap shot by Craig Smith.
1:26 of 2nd period - Shot Misses the Net.
1:32 of 2nd period - Snap shot by Nazem Kadri.
1:32 of 2nd period - Stopped by Jack Campbell with a rebound.
1:34 of 2nd period - Slapshot by Christopher Tanev.
1:34 of 2nd period - Shot Blocked by Jonas Brodin.
1:36 of 2nd period - Snap shot by Justin Braun.
1:36 of 2nd period - Goal by Justin Braun - Canucks : 2 - Avalanche : 0.
1:37 of 2nd period - Nazem Kadri wins face-off versus Daniel Winnik in neutral zone.
1:42 of 2nd period - Wrist shot by Craig Smith.
1:42 of 2nd period - Deflect By Nazem Kadri.
1:42 of 2nd period - Shot Blocked by Jason Zucker.
1:42 of 2nd period - Puck is out of play.
1:43 of 2nd period - Jason Zucker wins face-off versus Clarke MacArthur in Avalanche zone.
2:00 of 2nd period - Snap shot by Clarke MacArthur.
2:00 of 2nd period - Shot Misses the Net.
2:33 of 2nd period - Snap shot by Derick Brassard.
2:33 of 2nd period - Shot Hit the Post.
2:35 of 2nd period - Penalty to Zack Smith is over, Zack Smith is back on ice.
2:35 of 2nd period - Slapshot by Alexander Edler.
2:35 of 2nd period - Stopped by Jack Campbell with a rebound.
2:37 of 2nd period - Slapshot by Alexander Edler.
2:37 of 2nd period - Stopped by Jack Campbell without a rebound.
2:38 of 2nd period - Derick Brassard wins face-off versus Zack Smith in Avalanche zone.
3:26 of 2nd period - Minor Penalty to Antoine Roussel for Slashing.
3:27 of 2nd period - Ryan O'Reilly wins face-off versus Clarke MacArthur in Canucks zone.
3:42 of 2nd period - Backhand shot by Ryan O'Reilly.
3:42 of 2nd period - Stopped by Ben Bishop with a rebound.
4:08 of 2nd period - Clarke MacArthur is hit by Zack Smith and loses puck.
4:47 of 2nd period - Slapshot by Mark Scheifele.
4:47 of 2nd period - Shot Misses the Net.
5:06 of 2nd period - Daniel Winnik is hit by Christopher Tanev.
5:26 of 2nd period - Penalty to Antoine Roussel is over, Antoine Roussel is back on ice.
5:28 of 2nd period - Slapshot by Andrej Nestrasil.
5:28 of 2nd period - Stopped by Ben Bishop without a rebound.
5:29 of 2nd period - Nazem Kadri wins face-off versus Andrej Nestrasil in Canucks zone.
5:40 of 2nd period - Slapshot by Craig Smith.
5:40 of 2nd period - Shot Misses the Net.
6:04 of 2nd period - David Rundblad is hit by Nazem Kadri and loses puck.
6:23 of 2nd period - Wrist shot by Antoine Roussel.
6:23 of 2nd period - Shot Blocked by Ryan O'Reilly.
6:26 of 2nd period - Icing by David Pastrnak.
6:27 of 2nd period - Peter Holland wins face-off versus Marcus Johansson in Avalanche zone.
7:12 of 2nd period - Wrist shot by Matt Moulson.
7:12 of 2nd period - Shot Misses the Net.
7:14 of 2nd period - Snap shot by Daniel Winnik.
7:14 of 2nd period - Shot Misses the Net.
7:18 of 2nd period - Slapshot by Daniel Winnik.
7:18 of 2nd period - Deflect By Matt Moulson.
7:18 of 2nd period - Stopped by Ben Bishop with a rebound.
7:20 of 2nd period - Snap shot by Daniel Winnik.
7:20 of 2nd period - Stopped by Ben Bishop with a rebound.
9:01 of 2nd period - Snap shot by Joel Ward.
9:01 of 2nd period - Stopped by Jack Campbell without a rebound.
9:02 of 2nd period - Andrej Nestrasil wins face-off versus Peter Holland in Avalanche zone.
9:48 of 2nd period - Off-side.
9:49 of 2nd period - Marcus Johansson wins face-off versus Nazem Kadri in neutral zone.
9:57 of 2nd period - Off-side.
9:58 of 2nd period - Clarke MacArthur wins face-off versus Marcus Johansson in neutral zone.
10:26 of 2nd period - Wrist shot by Brendan Gallagher.
10:26 of 2nd period - Stopped by Jack Campbell without a rebound.
10:27 of 2nd period - Nazem Kadri wins face-off versus Andrej Nestrasil in Avalanche zone.
10:28 of 2nd period - Snap shot by Mats Zuccarello.
10:28 of 2nd period - Stopped by Jack Campbell with a rebound.
10:30 of 2nd period - Backhand shot by Willie Mitchell.
10:30 of 2nd period - Stopped by Jack Campbell without a rebound.
10:31 of 2nd period - Andrej Nestrasil wins face-off versus Nazem Kadri in Avalanche zone.
10:36 of 2nd period - Wrist shot by Nazem Kadri.
10:36 of 2nd period - Goal by Nazem Kadri - Canucks : 3 - Avalanche : 0.
10:37 of 2nd period - Zack Smith wins face-off versus Derick Brassard in neutral zone.
10:58 of 2nd period - Wrist shot by Lee Stempniak.
10:58 of 2nd period - Shot Misses the Net.
11:00 of 2nd period - Snap shot by Nate Prosser.
11:00 of 2nd period - Stopped by Ben Bishop with a rebound.
11:02 of 2nd period - Wrist shot by Zack Smith.
11:02 of 2nd period - Shot Misses the Net.
11:04 of 2nd period - Wrist shot by Lee Stempniak.
11:04 of 2nd period - Shot Blocked by Justin Braun.
11:32 of 2nd period - Justin Braun is hit by Daniel Winnik and loses puck.
12:33 of 2nd period - David Pastrnak is hit by Peter Holland and loses puck.
12:59 of 2nd period - Off-side.
13:00 of 2nd period - Zack Smith wins face-off versus Jay Beagle in neutral zone.
13:17 of 2nd period - Wrist shot by Jay Beagle.
13:17 of 2nd period - Shot Blocked by David Rundblad.
13:19 of 2nd period - Slapshot by Joakim Andersson.
13:19 of 2nd period - Stopped by Jack Campbell with a rebound.
13:21 of 2nd period - Snap shot by Justin Braun.
13:21 of 2nd period - Shot Misses the Net.
13:23 of 2nd period - Snap shot by Jannik Hansen.
13:23 of 2nd period - Deflect By Colton Sceviour.
13:23 of 2nd period - Shot Misses the Net.
13:23 of 2nd period - Puck is out of play.
13:24 of 2nd period - Derick Brassard wins face-off versus Marcus Johansson in Avalanche zone.
13:48 of 2nd period - Off-side.
13:49 of 2nd period - Andrej Nestrasil wins face-off versus Nazem Kadri in neutral zone.
13:52 of 2nd period - Jack Johnson is hit by Andrej Nestrasil and loses puck.
14:08 of 2nd period - Minor Penalty to Nazem Kadri for Hooking.
14:09 of 2nd period - Jay Beagle wins face-off versus Zack Smith in Canucks zone.
14:31 of 2nd period - Wrist shot by Colton Sceviour.
14:31 of 2nd period - Shot Misses the Net.
14:41 of 2nd period - Jack Johnson is hit by Colton Sceviour and loses puck.
15:02 of 2nd period - Wrist shot by Ryan O'Reilly.
15:02 of 2nd period - Stopped by Ben Bishop without a rebound.
15:03 of 2nd period - Ryan O'Reilly wins face-off versus Jay Beagle in Canucks zone.
15:16 of 2nd period - Wrist shot by Ryan O'Reilly.
15:16 of 2nd period - Shot Misses the Net.
15:18 of 2nd period - Snap shot by Daniel Winnik.
15:18 of 2nd period - Shot Misses the Net.
16:08 of 2nd period - Penalty to Nazem Kadri is over, Nazem Kadri is back on ice.
17:16 of 2nd period - Daniel Winnik is hit by Willie Mitchell and loses puck.
18:14 of 2nd period - Minor Penalty to Justin Braun for Boarding.
18:15 of 2nd period - Jay Beagle wins face-off versus Ryan O'Reilly in Canucks zone.
18:24 of 2nd period - Jack Johnson is hit by Matt Dumba and loses puck.
19:50 of 2nd period - Snap shot by Daniel Winnik.
19:50 of 2nd period - Stopped by Ben Bishop with a rebound.
Goals for this period are 2 for Canucks vs 0 for Avalanche.
Shots for this period are 10 for Canucks vs 7 for Avalanche.

3rd period


0:01 of 3rd period - Andrej Nestrasil wins face-off versus Jay Beagle in neutral zone.
0:10 of 3rd period - Slapshot by Jack Johnson.
0:10 of 3rd period - Shot Blocked by Jonas Brodin.
0:14 of 3rd period - Penalty to Justin Braun is over, Justin Braun is back on ice.
0:51 of 3rd period - Jack Johnson is hit by Ryan O'Reilly and loses puck.
1:21 of 3rd period - Antoine Roussel is hit by Zach Redmond and loses puck.
1:53 of 3rd period - Minor Penalty to Matthew Corrente for Interference.
1:54 of 3rd period - Zack Smith wins face-off versus Derick Brassard in Avalanche zone.
2:45 of 3rd period - Christopher Tanev is hit by Zack Smith and loses puck.
3:52 of 3rd period - Wrist shot by Craig Smith.
3:52 of 3rd period - Deflect By Clarke MacArthur.
3:52 of 3rd period - Stopped by Jack Campbell without a rebound.
3:53 of 3rd period - Penalty to Matthew Corrente is over, Matthew Corrente is back on ice.
3:53 of 3rd period - Nazem Kadri wins face-off versus Marcus Johansson in Avalanche zone.
5:15 of 3rd period - Minor Penalty to Zach Redmond for Roughing.
5:16 of 3rd period - Derick Brassard wins face-off versus Zack Smith in Avalanche zone.
5:53 of 3rd period - Snap shot by Craig Smith.
5:53 of 3rd period - Shot Misses the Net.
5:55 of 3rd period - Slapshot by Jack Johnson.
5:55 of 3rd period - Stopped by Jack Campbell without a rebound.
5:56 of 3rd period - Jason Zucker wins face-off versus Clarke MacArthur in Avalanche zone.
6:07 of 3rd period - Jonas Brodin is hit by Jack Johnson and loses puck.
7:02 of 3rd period - Wrist shot by Clarke MacArthur.
7:02 of 3rd period - Shot Misses the Net.
7:04 of 3rd period - Slapshot by Justin Braun.
7:04 of 3rd period - Shot Misses the Net.
7:15 of 3rd period - Penalty to Zach Redmond is over, Zach Redmond is back on ice.
7:39 of 3rd period - Christopher Tanev is hit by Zack Smith and loses puck.
8:03 of 3rd period - Colton Sceviour is hit by Joel Ward.
8:33 of 3rd period - Minor Penalty to Jay Beagle for Hooking.
8:34 of 3rd period - Peter Holland wins face-off versus Andrej Nestrasil in Canucks zone.
8:37 of 3rd period - Snap shot by Andrej Nestrasil.
8:37 of 3rd period - Shot Misses the Net.
8:39 of 3rd period - Slapshot by Zach Redmond.
8:39 of 3rd period - Goal by Zach Redmond - Canucks : 3 - Avalanche : 1.
8:40 of 3rd period - Andrej Nestrasil wins face-off versus Nazem Kadri in neutral zone.
8:43 of 3rd period - Alexander Edler is hit by Daniel Winnik and loses puck.
8:50 of 3rd period - Zach Redmond is hit by Jack Johnson and loses puck.
9:27 of 3rd period - Daniel Winnik is hit by Clarke MacArthur and loses puck.
9:44 of 3rd period - Wrist shot by Brendan Gallagher.
9:44 of 3rd period - Shot Misses the Net.
9:50 of 3rd period - Wrist shot by Derick Brassard.
9:50 of 3rd period - Stopped by Jack Campbell with a rebound.
9:58 of 3rd period - Slapshot by Brendan Gallagher.
9:58 of 3rd period - Deflect By Derick Brassard.
9:58 of 3rd period - Shot Blocked by Daniel Winnik.
9:58 of 3rd period - Puck is out of play.
9:59 of 3rd period - Peter Holland wins face-off versus Marcus Johansson in Avalanche zone.
10:00 of 3rd period - Slapshot by Joel Ward.
10:00 of 3rd period - Goal by Joel Ward - Canucks : 4 - Avalanche : 1.
10:01 of 3rd period - Zack Smith wins face-off versus Nazem Kadri in neutral zone.
10:04 of 3rd period - Slapshot by Jonas Brodin.
10:04 of 3rd period - Stopped by Ben Bishop without a rebound.
10:05 of 3rd period - Nazem Kadri wins face-off versus Zack Smith in Canucks zone.
10:24 of 3rd period - Wrist shot by Colton Sceviour.
10:24 of 3rd period - Shot Blocked by Willie Mitchell.
10:41 of 3rd period - Minor Penalty to Mats Zuccarello for Roughing.
10:42 of 3rd period - Jay Beagle wins face-off versus Andrej Nestrasil in Canucks zone.
11:21 of 3rd period - Jack Johnson is hit by Mark Scheifele and loses puck.
12:15 of 3rd period - Nate Prosser is hit by Antoine Roussel and loses puck.
12:28 of 3rd period - Alexander Edler is hit by Zack Smith and loses puck.
12:35 of 3rd period - Backhand shot by Andrej Nestrasil.
12:35 of 3rd period - Deflect By Colton Sceviour.
12:35 of 3rd period - Stopped by Ben Bishop without a rebound.
12:36 of 3rd period - Andrej Nestrasil wins face-off versus Joakim Andersson in Canucks zone.
12:41 of 3rd period - Penalty to Mats Zuccarello is over, Mats Zuccarello is back on ice.
12:58 of 3rd period - Christopher Tanev is hit by Zach Redmond and loses puck.
13:21 of 3rd period - Minor Penalty to Zach Redmond for Hooking.
13:22 of 3rd period - Nazem Kadri wins face-off versus Zack Smith in Avalanche zone.
13:33 of 3rd period - Wrist shot by Craig Smith.
13:33 of 3rd period - Goal by Craig Smith - Canucks : 5 - Avalanche : 1.
13:34 of 3rd period - Derick Brassard wins face-off versus Marcus Johansson in neutral zone.
13:49 of 3rd period - Snap shot by Brendan Gallagher.
13:49 of 3rd period - Deflect By Derick Brassard.
13:49 of 3rd period - Shot Misses the Net.
13:49 of 3rd period - Puck is out of play.
13:50 of 3rd period - Marcus Johansson wins face-off versus Derick Brassard in Avalanche zone.
13:50 of 3rd period - Marcus Johansson is hit by Justin Braun.
13:57 of 3rd period - Minor Penalty to Derick Brassard for Holding.
13:58 of 3rd period - Andrej Nestrasil wins face-off versus Jay Beagle in Canucks zone.
14:06 of 3rd period - Snap shot by Alexander Edler.
14:06 of 3rd period - Deflect By Jonas Brodin.
14:06 of 3rd period - Goal by Alexander Edler - Canucks : 6 - Avalanche : 1.
14:07 of 3rd period - Andrej Nestrasil wins face-off versus Jay Beagle in neutral zone.
14:58 of 3rd period - Wrist shot by Ryan O'Reilly.
14:58 of 3rd period - Shot Blocked by Jack Johnson.
15:00 of 3rd period - Wrist shot by Daniel Winnik.
15:00 of 3rd period - Shot Misses the Net.
15:02 of 3rd period - Slapshot by Matt Dumba.
15:02 of 3rd period - Stopped by Ben Bishop with a rebound.
15:57 of 3rd period - Penalty to Derick Brassard is over, Derick Brassard is back on ice.
15:59 of 3rd period - Alexander Edler is hit by Daniel Winnik.
16:03 of 3rd period - Ryan O'Reilly is hit by Joakim Andersson and loses puck.
17:11 of 3rd period - Wrist shot by Nazem Kadri.
17:11 of 3rd period - Stopped by Jack Campbell without a rebound.
17:12 of 3rd period - Andrej Nestrasil wins face-off versus Nazem Kadri in Avalanche zone.
17:31 of 3rd period - Minor Penalty to Justin Braun for Hooking.
17:32 of 3rd period - Jay Beagle wins face-off versus Andrej Nestrasil in Canucks zone.
17:49 of 3rd period - Snap shot by Colton Sceviour.
17:49 of 3rd period - Shot Misses the Net.
18:15 of 3rd period - Christopher Tanev is hit by Mark Scheifele and loses puck.
19:03 of 3rd period - Wrist shot by Andrej Nestrasil.
19:03 of 3rd period - Stopped by Ben Bishop without a rebound.
19:04 of 3rd period - Andrej Nestrasil wins face-off versus Joakim Andersson in Canucks zone.
19:31 of 3rd period - Penalty to Justin Braun is over, Justin Braun is back on ice.
19:39 of 3rd period - Marcus Johansson is hit by Jack Johnson and loses puck.
19:46 of 3rd period - Lee Stempniak is hit by Peter Holland and loses puck.
19:59 of 3rd period - Snap shot by Marcus Johansson.
19:59 of 3rd period - Deflect By David Pastrnak.
19:59 of 3rd period - Stopped by Ben Bishop with a rebound.
Goals for this period are 3 for Canucks vs 1 for Avalanche.
Shots for this period are 7 for Canucks vs 6 for Avalanche.